[Event "Tech Mahindra Global Chess League 2023"]
[Site "Chess.com"]
[Date "2023.06.27"]
[Round "6"]
[White "Sindarov, Javokhir"]
[Black "Bjerre, Jonas"]
[Result "1-0"]
[WhiteElo "2596"]
[BlackElo "2535"]
[ECO "B94"]
[EventDate "2023.??.??"]
[Annotator "rafael"]
[PlyCount "121"]
[Beauty "6327317071397"]
[EventType "team-tourn"]
[TimeControl "900+10"]

1.e4 c5 2.Nf3 d6 3.d4 cxd4 4.Nxd4 Nf6 5.Nc3 a6 6.Bg5 Nbd7 {Nowadays, this move is at least as popular as the old main line with 6...e6.} 7.Qe2 {The development of the queen on e2 is the modern approach, either now or after 7.f4. This plan was analyzed extensively in Negi's 1.e4 repertoire book, in my opinion, one of the best opening books ever written.} 7...e6 8.O-O-O Qc7 9.g4 $5 ( 9.f4 {transposes to a well-known position that can arise through a different move order. The move played is very interesting and leads to less explored positions.} ) 9...h6 $1 {[%c_effect h6;square;h6;type;GreatFind;persistent;true] The safest move, taking the bishop out of its menacing post.} ( 9...b5 {is also possible, but I feel that White has even more attacking options here.} ) 10.Bd2 $5 {[%c_effect d2;square;d2;type;Interesting;persistent;true] Not the most imposing square, but in chess, as in life, you can't always get what you want.} 10...b5 11.a3 $1 {[%c_effect a3;square;a3;type;GreatFind;persistent;true] It's necessary to stop the b-pawn.} 11...Rb8 $1 {[%c_effect b8;square;b8;type;GreatFind;persistent;true] Both players show excellent preparation.} ( 11...Bb7 {has been tested in correspondence games, with good results for White after} 12.f4 ) 12.f4 {The position is fresh, and White can look for interesting alternatives.} ( 12.Be1 $5 {[%c_effect e1;square;e1;type;Interesting;persistent;true] I imagine Karpov would play this prophylactic move. When he was a king's pawn player, he won many games with subtle play in dynamic positions. The idea is to avoid the b5-b4 advance.} 12...Be7 {This or 12...g6 are the best options.} ( 12...b4 $2 {[%c_effect b4;square;b4;type;Mistake;persistent;true] is no longer good because of} 13.axb4 Rxb4 14.Nd5 $1 {[%c_effect d5;square;d5;type;GreatFind;persistent;true] The knight on d4 is now protected and Black loses material.} ) ( 12...g5 $6 {[%c_effect g5;square;g5;type;Inaccuracy;persistent;true] is a typical Sicilian move and I would easily play something like this. The computer, however, is less impressed with this move, and its evaluation is more reliable than mine, I think.} 13.h4 Rg8 14.hxg5 hxg5 15.Kb1 Ne5 16.f3 {The machine is very happy with White's position.} ) ( 12...g6 ) 13.h4 {[%c_arrow h1h3;keyPressed;none;from;h1;opacity;0.8;to;h3;persistent;false][%c_highlight h6;keyPressed;none;opacity;0.8;square;h6;persistent;false] I prefer White. It's always difficult to play as Black with this pawn on h6 and without really having the chance to castle. White can play Rh3 to bring the rook to the game. That said, Black is not without chances and the position remains complicated.} ) ( 12.h4 {This is also better than the move played in the game.} 12...b4 13.axb4 Rxb4 14.Nb3 {The rook can be developed with style on h3.} ) 12...b4 13.axb4 Rxb4 14.Be1 {A new move.} ( 14.Nb3 {was tested before:} 14...Be7 ( 14...Nb6 $6 {[%c_effect b6;square;b6;type;Inaccuracy;persistent;true] is weaker. White was better after} 15.Kb1 {in Christiansen-Navara, Terme Catez 2021.} ) ) 14...Qb6 $1 {[%c_effect b6;square;b6;type;GreatFind;persistent;true] Forcing the knight back.} 15.Nb3 Be7 16.Bf2 $6 ( 16.Bg2 {is better.} ) 16...Qc7 $6 ( 16...Nc5 $1 {[%c_effect c5;square;c5;type;GreatFind;persistent;true] leads to an unpleasant position for White.} 17.Bxc5 ( 17.Nxc5 $2 dxc5 18.b3 Qa5 {White is helpeless against the atack with c5-c4.} ) ( 17.Kb1 Qb8 $1 ) 17...dxc5 {with a much better position for Black.} ) 17.g5 $6 ( 17.Kb1 {is stronger. After} 17...Nc5 18.Rd4 $1 {[%c_effect d4;square;d4;type;GreatFind;persistent;true] The position is unclear.} ) 17...hxg5 ( 17...Nxe4 $1 {[%c_effect e4;square;e4;type;GreatFind;persistent;true] Here or on the next move Black could have taken this pawn. I suppose the players saw this, but it's not easy to evaluate White's compensation. The computer shows it's clearly insufficient.} 18.Nxe4 Rxb3 $1 ) 18.fxg5 Nh5 $6 ( 18...Nxe4 $1 {[%c_effect e4;square;e4;type;GreatFind;persistent;true] This is again the best move.} 19.Nxe4 Rxb3 ) 19.Qd2 Nc5 $1 {[%c_effect c5;square;c5;type;GreatFind;persistent;true] The right way to attack, as we've seen in the variations before. This move is strong because it removes one of the key defenders of the king.} 20.Nxc5 dxc5 21.g6 $6 {[%c_effect g6;square;g6;type;Inaccuracy;persistent;true] Black will be the one benefiting from open f-file.} ( 21.Be3 {is better.} ) 21...fxg6 22.Rg1 O-O 23.Rxg6 Qa5 $1 24.Kb1 {Bjerre will miss many winning chances on the next moves.} 24...Bf6 ( 24...Qa3 {looks very tempting, but it's not the best.} 25.b3 c4 $1 26.Bxc4 Rxc4 27.bxc4 Qb4+ 28.Kc1 Rxf2 29.Qxf2 Qxc3 {Black is much better and it's hard to be sad about this position, but there are easier paths.} ) ( 24...c4 $1 {[%c_effect c4;square;c4;type;GreatFind;persistent;true] The most accurate. Black prepares a deadly sacrifice on b2. But to play this move, you have to know what to do after:} 25.Na2 $1 {[%c_effect a2;square;a2;type;GreatFind;persistent;true] This is not a problem when you the help of a silicon friend.} 25...Rxf2 $1 26.Qxf2 Ra4 27.Qd2 Rxa2 28.Qxa5 Rxa5 29.Bxc4 Re5 {The endgame is winning for Black.} ) 25.Rxf6 $1 {[%c_effect f6;square;f6;type;GreatFind;persistent;true] The only way to keep fighting. The bishop is too strong.} 25...Nxf6 26.e5 $6 ( 26.b3 {offers more resistance.} ) 26...Ng4 27.Bg3 Qb6 ( 27...Rxf1 $3 {[%c_effect f1;square;f1;type;Brilliant;persistent;true] is a nice move that wins by force:} 28.Rxf1 Ra4 {This is the point. Now the queen is unprotected.} 29.Nxa4 ( 29.Kc1 Ra1+ 30.Nb1 Rxb1+ 31.Kxb1 Qxd2 ) 29...Qxd2 ) 28.b3 ( 28.Qc1 {is more stubborn.} ) 28...Rd4 ( 28...c4 $1 {[%c_effect c4;square;c4;type;GreatFind;persistent;true] is devastating:} 29.Na2 cxb3 $1 30.Nxb4 bxc2+ 31.Kxc2 Ne3+ {White's position collapses.} ) 29.Bd3 Rfd8 $2 {[%c_effect d8;square;d8;type;Mistake;persistent;true] This is a clear mistake and now White gets back into the game.} ( 29...Rf3 $1 {[%c_effect f3;square;f3;type;GreatFind;persistent;true] The rook is better placed here and the position is still winning.} 30.Qe2 Bb7 ) 30.Qe2 {Now the position is totally unclear and chaotic.} 30...Qa5 ( 30...c4 {is interesting:} 31.Bxc4 Ne3 32.Rxd4 Qxd4 33.Bd3 {The complications continue in this balanced position.} ) 31.Kb2 Qc7 32.Rf1 Nh6 33.Bc4 {Though the machine indicates equality, the position is more difficult to play with Black because his king not safe.} 33...Qe7 $6 {[%c_effect e7;square;e7;type;Inaccuracy;persistent;true] A natural defensive move that is a mistake.} ( 33...Rd2 34.Qh5 R2d4 ) ( 33...Qb7 ) 34.Ne4 Rf8 35.Rg1 $6 ( 35.Bf2 {is clearly better for White.} ) 35...Bb7 36.Nf6+ $1 Kh8 ( 36...gxf6 $2 {[%c_effect f6;square;f6;type;Mistake;persistent;true] loses in many ways, for instance:} 37.Bf4+ Kh7 38.Qh5 Rxf4 39.Qg6+ ) 37.Bf2 Rf4 $2 ( 37...gxf6 $1 {[%c_effect f6;square;f6;type;GreatFind;persistent;true] is the only move to survive:} 38.Bxd4 cxd4 39.Qh5 Qh7 40.exf6 Nf5 $1 {[%c_effect f5;square;f5;type;GreatFind;persistent;true] Black is not going to be mated, but White has compensation for the piece.} ) 38.Be3 R4xf6 39.exf6 ( 39.Bg5 {also wins after} 39...Rf2 40.Bxe7 Rxe2 41.Bxf8 ) 39...Qxf6+ 40.Kb1 Nf5 41.Bxc5 Rc8 42.Ba3 Bd5 43.Bb2 {White's bishops are too strong.} 43...Qh4 44.Bd3 Rc7 45.Qe5 Qf2 46.Rf1 Qc5 47.Rf4 ( 47.Rxf5 $1 {[%c_effect f5;square;f5;type;GreatFind;persistent;true] wins after} 47...exf5 48.Qxf5 Kg8 49.Ba3 Qg1+ 50.Ka2 {with too many threats.} ) 47...Kg8 48.Rg4 Qd6 49.Qe1 Rf7 50.Rb4 ( 50.h4 {Followed by h5 is a sensible plan.} ) 50...Qxh2 51.Ka2 Qg3 52.Qc3 Qd6 ( 52...Qc7 $1 {[%c_effect c7;square;c7;type;GreatFind;persistent;true] gives better hopes.} ) 53.Ra4 Bb7 54.Rg4 Qd7 55.Qb4 Ne3 56.Rh4 Nf5 57.Rh3 Qc7 58.Qg4 $1 {[%c_effect g4;square;g4;type;GreatFind;persistent;true] The queen comes to the attack and it's all over.} 58...Qa5+ 59.Ba3 Qd2 60.Qg6 Rf8 61.Qxe6+ 1-0

[Event "Tech Mahindra Global Chess League 2023"]
[Site "Chess.com"]
[Date "2023.06.28"]
[Round "7"]
[White "Anand, Viswanathan"]
[Black "Carlsen, Magnus"]
[Result "0-1"]
[WhiteElo "2731"]
[BlackElo "2829"]
[ECO "C18"]
[EventDate "2023.??.??"]
[Annotator "rafael"]
[PlyCount "140"]
[Beauty "5841981817387"]
[EventType "team-tourn"]
[TimeControl "900+10"]

1.e4 e6 2.d4 d5 3.Nc3 Bb4 4.e5 c5 5.a3 Bxc3+ 6.bxc3 Nc6 7.Qg4 g6 {Back in 2004, my friend GM Andrés Rodriguez visited my town and, during breaks of his main activity (playing the game \"Burnout\" on PlayStation 2), he analyzed this obscure sideline of the Winawer with the computer, trying to convince me of its correctness. Naturally my reaction was, as good friends always do, to try to dismiss the line as unplayable, at the same time nicknaming 7...g6 as the \"PlayStation Variation'. What I couldn't imagine is that my friend would be brave enough to start testing it, achieving excellent results and becoming its main specialist. Today, as I witnessed Carlsen playing it, I texted my friend to tell him that finally the PlayStation line gained the deserved spotlight and that he was almost 20 years ahead of his time.} 8.h4 {White has many attempts to refute Black's daring play. Anand goes to a very direct approach.} 8...h6 9.h5 g5 10.f4 Qa5 ( 10...f5 {is more popular and was played by Carlsen in 2022.} 11.Qg3 g4 12.dxc5 Qa5 {Giri-Carlsen, Wch Blitz Almaty 2022.} ) 11.Bd2 f5 12.Qg3 g4 {Black closes the the kingside and now creates the positional threat of closing the queenside as well with ...c5-c4. White must act.} 13.dxc5 {A natural move and the same idea that was tried in the Giri-Carlsen game, but here Anand had a tempting option.} ( 13.c4 $1 Qa4 14.dxc5 Nge7 ( 14...dxc4 15.Ne2 $1 {[%c_effect e2;square;e2;type;GreatFind;persistent;true] is good for White.} ) 15.Qb3 $1 Qxb3 16.cxb3 {with advantage in the the endgame.} ) 13...Nge7 14.Bd3 Qxc5 15.Ne2 Na5 ( 15...Bd7 {is less accurate:} 16.Be3 Qa5 17.O-O O-O 18.Rfb1 {with some pressure for White, although the game was soon agreed draw in Motylev-Kruppa, Predeal 2007.} ) 16.Qf2 Qxf2+ 17.Kxf2 {The endgame is more or less equal, but maybe it's easier for Black to play. He will be doing all the pressing from now on.} 17...Bd7 18.a4 Kf7 19.Rhb1 b6 20.Bc1 {A typical maneuver in the French. The bishop goes to the a3-f8 diagonal.} 20...Nec6 ( 20...Nc4 {is also possible, for instance:} 21.Nd4 Rhc8 22.Nb5 Bxb5 23.axb5 Rc7 24.Ra4 {with a slight advantage for White.} ) 21.Ba3 Nd8 {An interesting move to maneuver the knight that took me by surprise when I was following the game.} ( 21...Nc4 {is the move I expected.} 22.Bxc4 dxc4 {The game will probably end in a draw. Carlsen probably wanted to preserve more fighting chances.} ) 22.Bb4 Ndb7 23.Nd4 Rhb8 24.Nb3 ( 24.Bb5 {is a better attempt. Black must react with} 24...Be8 $1 ) 24...Nc4 ( 24...Nxb3 {is a good alternative:} 25.Rxb3 ( 25.cxb3 {it's tempting to rearrange the pawn structure, but Black is fine after} 25...a5 26.Ba3 Nc5 ) 25...a5 26.Ba3 Nc5 27.Bxc5 bxc5 28.Bb5 {with a likely draw.} ) 25.Bxc4 dxc4 26.Nd4 Rc8 27.a5 b5 28.Rd1 Be8 29.Ne2 a6 30.Rd4 Rd8 31.Rad1 Rxd4 32.Rxd4 {It looks like the game will soon end in a draw, but Carlsen has this extraordinary ability of turning drawish positions into full points.} 32...Bc6 33.Rd2 ( 33.Ng3 {is a prophylactic option in order to avoid Black's next move.} ) 33...g3+ $5 {[%c_effect g3;square;g3;type;Interesting;persistent;true] A very nice move, sacrificing a pawn to bring the rook to life on the g-file.} 34.Kg1 ( 34.Nxg3 Rg8 35.Rd4 Rg4 {White is in zugzwang. Any piece he moves loses material, but he is not worse.} 36.Ba3 Nxa5 37.Rd8 $1 Rxf4+ 38.Ke3 Rg4 39.Ne2 {with sufficient counterplay. Of course, going for this position is a very difficult choice during the game.} ) 34...Rg8 35.Nd4 Rd8 $5 36.Bd6 $6 {[%c_effect d6;square;d6;type;Inaccuracy;persistent;true] This gives Black some chances.} ( 36.Re2 Be4 37.Re1 {it's difficult for Black to play for a win here.} ) 36...Be4 $1 37.Bb4 Rd5 {Incredible precision. Carlsen wants to play Nd8-c6.} 38.Kf1 $1 ( 38.Re2 Nd8 39.Re3 $2 {[%c_effect e3;square;e3;type;Mistake;persistent;true] White is not in time to capture the pawn:} 39...Nc6 $1 {[%c_effect c6;square;c6;type;GreatFind;persistent;true] winning, since the knight cannot be captured.} ) 38...Nd8 39.Ke1 {Anand defends well. The king protects the rook and the d4-knight is not pinned anymore.} 39...Nc6 40.Ne2 ( 40.Nxc6 $2 Rxd2 41.Kxd2 Bxc6 {The g2-pawn falls.} ) 40...Rxd2 41.Kxd2 Bxg2 42.Nxg3 Bf3 43.Ke3 Bd1 44.Kd2 Bg4 45.Ke3 Ke8 $1 {[%c_effect e8;square;e8;type;GreatFind;persistent;true] It turns out the draw is not so easy.} 46.Kd2 Ne7 47.Bxe7 $1 {[%c_effect e7;square;e7;type;GreatFind;persistent;true] The only way, otherwise the knight lands on d5.} 47...Kxe7 {This is a critical position of the game. The computer indicates a draw, but it took me a long time to understand it without turning the engine on. My conclusion is that a human can easily evaluate the position as losing for White, since the path to safety is very narrow.} 48.Kc1 $2 {[%c_effect c1;square;c1;type;Mistake;persistent;true] A losing move.} ( 48.Ne2 {It's necessary to go for a pawn endgame that looks losing to humans, but it's a draw for machines.} 48...Bxe2 ( 48...Bxh5 49.Nd4 Be8 50.Ke2 {White creates a fortress. Black's king cannot reach the queenside and the king will protect everything on g3.} ) 49.Kxe2 Kd7 50.Ke3 Kc7 $1 ( 50...Kc6 51.Kd4 ) 51.Kf3 Kc6 52.Ke2 $1 ( 52.Ke3 $2 Kc5 ) 52...Kc5 53.Ke3 b4 {I'd probably resign here as White, but the position is drawn.} 54.cxb4+ Kxb4 55.Kd4 c3 ( 55...Kxa5 $4 {[%c_effect a5;square;a5;type;Blunder;persistent;true] even loses:} 56.Kc5 Ka4 57.Kd6 ) 56.Kd3 Kxa5 57.Kxc3 Kb5 58.Kb3 Kc5 ( 58...a5 59.c4+ Kc5 60.Ka4 Kxc4 61.Kxa5 Kd5 62.Kb6 {transposes to the main line.} ) 59.Ka4 Kd4 60.Ka5 Ke4 61.c4 ( 61.Kxa6 $2 Kxf4 ) 61...Kd4 62.Kxa6 Kxc4 63.Kb6 Kd5 64.Kc7 Ke4 65.Kd6 Kxf4 66.Kxe6 Kg5 67.Kd5 f4 68.e6 f3 69.e7 f2 70.e8=Q f1=Q {with a draw.} ) 48...Kd7 {Now the king joins the party.} 49.Kb2 Kc6 50.Ka2 Kd5 51.Ka3 Kc5 52.Kb2 Bd1 53.Kc1 Bf3 54.Kb2 b4 $2 {[%c_effect b4;square;b4;type;Mistake;persistent;true] The most natural move in the world, but not the best. This allows White to escape.} ( 54...Bc6 $1 {[%c_effect c6;square;c6;type;GreatFind;persistent;true] It's necessary to transfer the bishop first. The winning idea is:} 55.Ne2 Be8 56.Ng3 b4 $1 57.cxb4+ Kd4 $1 {[%c_effect d4;square;d4;type;GreatFind;persistent;true] The bishop controls the break b4-b5 and the king can safely march to the kingside.} ) 55.cxb4+ Kd4 ( 55...Kxb4 56.c3+ Kxa5 57.Ka2 {White has a fortress: he can keep waiting with Ka2-b2.} ) 56.c3+ Kd3 ( 56...Ke3 {This leads to study-like draw.} 57.Nxf5+ $1 {[%c_effect f5;square;f5;type;GreatFind;persistent;true] The only move $1} 57...exf5 58.b5 $1 axb5 59.e6 Kd2 60.e7 Bc6 61.a6 b4 62.a7 bxc3+ 63.Ka2 c2 64.e8=Q {with a miracle escape for White.} 64...Bxe8 ( 64...c1=Q 65.Qxc6 ) 65.a8=Q c1=Q {White's king is in a stalemate position. White \"only\" needs to give the queen away.} 66.Qg2+ Ke3 ( 66...Kc3 67.Qg7+ $1 ) 67.Qf3+ Kd4 68.Qd5+ {with a draw.} ) 57.b5 axb5 58.a6 Kd2 59.a7 Bd5 ( 59...b4 60.Nf1+ Ke2 61.Ng3+ Kd2 62.Nf1+ {with perpetual check.} ) 60.Nxf5 $2 {[%c_effect f5;square;f5;type;Mistake;persistent;true] Unfortunately for Anand, the sacrifice doesn't work this time. To be fair, the complications are impossible to calculate.} ( 60.Nf1+ $1 {[%c_effect f1;square;f1;type;GreatFind;persistent;true] leads to a draw:} 60...Ke2 ( 60...Kd3 61.Ng3 ) 61.Ng3+ Kd2 62.Nf1+ ) 60...exf5 61.e6 b4 62.e7 bxc3+ 63.Ka2 c2 64.a8=Q Bxa8 65.e8=Q {There's only one winning move for Black in this position. What a game $1} 65...Be4 $2 ( 65...c1=Q $2 66.Qe3+ {leads to stalemate.} ) ( 65...c1=N+ {is not convincing:} 66.Ka3 ) ( 65...c3 $3 {[%c_effect c3;square;c3;type;Brilliant;persistent;true] The right way $1 Black releases the b3-square so the king is not stalemated anymore. The checks soon will be over.} 66.Qd7+ ( 66.Qxa8 c1=Q {with a winning queen and pawn endgame.} ) ( 66.Qd8+ Ke1 67.Qh4+ Kd1 ) 66...Ke1 $1 67.Qe7+ Be4 $1 68.Qh4+ Kd1 $1 {[%c_effect d1;square;d1;type;GreatFind;persistent;true] The checks are over. Fantastic.} ) 66.Qd8+ Bd3 {White has only one drawing move now. I'm speechless.} 67.Qd4 $2 ( 67.Qb6 $3 c1=Q ( 67...c1=N+ 68.Ka3 c3 {Compared to the game, White is in time to capture the h6-pawn..} 69.Qxh6 $1 c2 70.Qc6 Ne2 71.h6 c1=Q+ 72.Qxc1+ Kxc1 73.h7 Nxf4 74.h8=Q Ne2 {According to tablebase, this is a draw.} ) 68.Qf2+ Kc3 69.Qd4+ {with stalemate.} ) 67...c1=N+ $3 68.Ka3 c3 {The queen is unable to stop the c-pawn.} 69.Qb6 Ne2 70.Qxh6 c2 ( 70...c2 71.Qc6 c1=Q+ 72.Qxc1+ Kxc1 73.h6 {Now the knight is in time:} 73...Nxf4 74.h7 Ng6 ) 0-1